 Dungeon Crawl Stone Soup version 0.26-b1-32-g5d43845318 (webtiles) character file.

Game seed: 16210490439589822053

199 Dirian the Shield-Bearer (level 5, -4/47 HPs)
             Began as a Minotaur Fighter on Jan 8, 2021.
             Slain by an ogre
             ... wielding a +0 giant club
              (20 damage)
             ... on level 4 of the Dungeon.
             The game lasted 00:03:48 (2950 turns).

Dirian the Shield-Bearer (Minotaur Fighter)         Turns: 2950, Time: 00:03:49

Health: -4/47      AC: 13    Str: 21    XL:     5   Next: 48%
Magic:  4/4        EV:  5    Int:  5    God:
Gold:   105        SH: 10    Dex: 10    Spells: 4/4 levels left

rFire    . . .     SeeInvis .   a - +1 war axe
rCold    . . .     Faith    .   c - +1 kite shield
rNeg     . . .     Spirit   .   l - +0 chain mail
rPois    .         Reflect  .   (helmet restricted)
rElec    .         Harm     .   d - +1 cloak
rCorr    .         Rampage  .   u - +0 pair of gloves
Will     .....                  (no boots)
Stlth    ..........             (no amulet)
HPRegen  0.15/turn              (no ring)
MPRegen  0.09/turn              (no ring)

@: no status effects
A: retaliatory headbutt, horns 2
a: no special abilities


You were on level 4 of the Dungeon.
You visited 1 branch of the dungeon, and saw 4 of its levels.

You collected 105 gold pieces.

Inventory:

Hand Weapons
 a - a +1 war axe (weapon)
 m - a +0 hand axe
Armour
 c - a +1 kite shield (worn)
 d - a +1 cloak (worn)
 l - a +0 chain mail (worn)
 u - a +0 pair of gloves (worn)
Scrolls
 s - a scroll of immolation
 t - a scroll of teleportation
 x - a scroll of remove curse
Potions
 g - 2 potions of invisibility
 h - a potion of brilliance
 n - a potion of berserk rage {unknown}
 o - 2 potions of attraction {unknown}
 v - a potion of flight {unknown}
 w - 2 potions of heal wounds


   Skills:
 + Level 4.7 Fighting
 + Level 4.5 Axes
 + Level 4.7 Armour
 + Level 4.7 Shields


You had 4 spell levels left.
You didn't know any spells.
Your spell library was empty.

Dungeon Overview and Level Annotations

Branches:
Dungeon (4/15)
 Temple: D:4-7

Altars:
Ashenzari
Cheibriados
Kikubaaqudgha
Okawaru


Innate Abilities, Weirdness & Mutations

You reflexively headbutt those who attack you in melee.
You have a pair of horns on your head.


Message History

You are too injured to fight recklessly!
You are too injured to fight recklessly!
You are too injured to fight recklessly!
You are too injured to fight recklessly!
You hit the ogre.
The ogre is heavily wounded.
The ogre hits you with a +0 giant club!
You closely miss the ogre.
The ogre is heavily wounded.
The ogre barely misses you.
You barely miss the ogre.
The ogre is heavily wounded.
The ogre hits you but does no damage.
You hit the ogre.
The ogre is severely wounded.
The ogre hits you with a +0 giant club.
You hit the ogre but do no damage.
The ogre is severely wounded.
The ogre hits you with a +0 giant club!!
You die...

#...###...
#.......#....#....
+.......#....'....
#.......#....#....
#######.......#....#....
#.............#....#####
#.....^.......#....#....
..............#....#....
......O@......'....#....
..............#....#....
..............#....#....
........#####.##+###..<.
.......## ##.. .......
.###### ......####
...... .....


You could see an ogre.

Vanquished Creatures
  2 orc wizards (D:3)
  5 adders
  2 oozes
  3 worms
  5 dart slugs
  2 leopard geckos (D:3)
  2 orcs
  6 bats
  2 giant cockroaches
  7 goblins
  5 hobgoblins
  2 ball pythons
  7 frilled lizards
  10 kobolds
  9 rats
69 creatures vanquished.

Notes
Turn   | Place    | Note
-------+----------+-------------------------------------------
     0 | D:1      | Dirian the Minotaur Fighter began the quest for the Orb.
     0 | D:1      | Reached XP level 1. HP: 19/19 MP: 0/0
   209 | D:1      | Reached XP level 2. HP: 22/27 MP: 1/1
   843 | D:2      | Reached XP level 3. HP: 33/33 MP: 2/2
  1221 | D:2      | Reached XP level 4. HP: 40/40 MP: 3/3
  1458 | D:2      | Found a broken altar of Ashenzari.
  2117 | D:3      | Reached XP level 5. HP: 7/47 MP: 4/4
  2509 | D:3      | Found an ancient bone altar of Kikubaaqudgha.
  2565 | D:3      | Found a snail-covered altar of Cheibriados.
  2574 | D:3      | Found an iron altar of Okawaru.
  2940 | D:4      | Noticed an ogre
  2950 | D:4      | Slain by an ogre

Illustrated notes

Levels and vault maps discovered:
D:1:      minmay_arrival_arboretum_small, layout_loops_corners
D:2:      layout_basic, ashenzari_altar_1
D:3:      layout_basic, lemuel_crystal_altar, amethyst_overflow_temple_binary
D:4:      layout_gridville, marbit_many_paths,
          minmay_temple_entry_enclosed_plants, minmay_unequal

Skill      XL: |  1  2  3  4 |
---------------+-------------+-----
Fighting       | 4 |  4.7
Shields        | 4 |  4.7
Armour         | 4 |  4.7
Axes           | 3 4 |  4.5

Action                   |  1- 3 |  4- 6 || total
-------------------------+-------+-------++-------
Melee: War axe           |    69 |    81 ||   150
       Headbutt          |     7 |     7 ||    14
  Use: Potion            |       |     1 ||     1
       Scroll            |       |    12 ||    12
Armor: Scale mail        |    40 |    29 ||    69
       Chain mail        |       |     2 ||     2
Dodge: Dodged            |    14 |    23 ||    37
Block: Kite shield       |    33 |    41 ||    74
